 Dungeon Crawl Stone Soup version 0.29-a0-962-gc8bbfd0a37 (webtiles) character file.

Game seed: 2616066917494304751

40 RBrandon the Shooter (level 3, -1/26 HPs)
             Began as a Demonspawn Arcane Marksman on July 29, 2022.
             Slain by a gnoll
             ... wielding a +0 flail
              (9 damage)
             ... on level 2 of the Dungeon on July 30, 2022.
             The game lasted 00:04:23 (1146 turns).

RBrandon the Shooter (Demonspawn Arcane Marksman)   Turns: 1146, Time: 00:04:24

Health: -1/26      AC:  3    Str: 10    XL:     3   Next: 30%
Magic:  0/4        EV: 12    Int: 14    God:
Gold:   51         SH:  0    Dex: 15    Spells: 0/4 levels left

rFire   . . .      SeeInvis .   a - +1 sling
rCold   . . .      Faith    .   (no shield)
rNeg    . . .      Spirit   .   l - +0 leather armour
rPois   +          Reflect  .   (helmet restricted)
rElec   .          Harm     .   (no cloak)
rCorr   .          Rampage  .   (no gloves)
Will    .....                   (no boots)
Stlth   +.........              i - amulet of regeneration
HPRegen 0.88/turn               g - ring of poison resistance
MPRegen 0.09/turn               (no ring)

@: hasted, very quick
A: antennae 1, sturdy frame 1
a: no special abilities


You were on level 2 of the Dungeon.
You visited 1 branch of the dungeon, and saw 3 of its levels.

You collected 51 gold pieces.

Inventory:

Hand Weapons
 a - a +1 sling (weapon)
Missiles
 j - 6 poisoned darts
Armour
 c - a +0 robe
 l - a +0 leather armour (worn)
Magical Staves
 k - a staff of fire
Jewellery
 g - a ring of poison resistance (left hand)
 i - an amulet of regeneration (around neck)
Scrolls
 b - a scroll of vulnerability
 f - a scroll of poison {unknown}
 h - a scroll of fog {unknown}
Potions
 d - a potion of attraction {unknown}
 e - a potion of haste
 m - 2 potions of cancellation {unknown}


   Skills:
 - Level 1.0 Fighting
 + Level 3.4 Ranged Weapons
 - Level 1.7 Dodging
 - Level 1.0 Spellcasting
 - Level 3.0 Hexes


You couldn't memorise any spells.
You knew the following spells:

 Your Spells              Type           Power      Damage    Failure   Level
a - Slow                  Hex            36%        N/A       9%          1
b - Inner Flame           Hex/Fire       4%         N/A       41%         3

Your spell library contained the following spells:

 Spells                   Type           Power      Damage    Failure   Level
 Summon Small Mammal      Summ           0%         N/A       28%         1
 Portal Projectile        Hex/Tloc       8%         N/A       41%         3
 Summon Guardian Golem    Hex/Summ       4%         N/A       41%         3
 Call Canine Familiar     Summ           0%         N/A       63%         3
 Cause Fear               Hex            4%         N/A       63%         4


Dungeon Overview and Level Annotations

Branches:
Dungeon (3/15)

Altars:


Innate Abilities, Weirdness & Mutations

You have a pair of small antennae on your head.
Your movements are slightly less encumbered by armour. (ER -2)


Message History

There is a stone staircase leading up here.
There is a stone staircase leading up here.
The gnoll resists with significant effort.
The gnoll resists with significant effort.
The gnoll resists with significant effort.
A gnoll comes into view. It is wielding a +0 halberd.
The gnoll resists with significant effort.
The gnoll shouts!
The gnoll hits you with a +0 flail.
You climb upwards.
There is a stone staircase leading down here.
You are out of magic!
You shoot a sling bullet. The sling bullet hits the gnoll.
The gnoll is lightly wounded.
The gnoll misses you.
You shoot a sling bullet. The sling bullet hits the gnoll.
The gnoll is moderately wounded.
The gnoll closely misses you.
You shoot a sling bullet.
The sling bullet hits the gnoll but does no damage.
The gnoll is moderately wounded.
The gnoll hits you with a +0 flail. The gnoll hits you with a +0 flail!
You shoot a sling bullet. The sling bullet hits the gnoll.
The gnoll is heavily wounded.
The gnoll closely misses you.
You shoot a sling bullet.
The sling bullet closely misses the gnoll.
The gnoll hits you with a +0 flail.
You shoot a sling bullet.
The sling bullet closely misses the gnoll.
The gnoll misses you.
The gnoll resists with significant effort.
The gnoll hits you with a +0 flail!
* * * LOW HITPOINT WARNING * * *
The gnoll attacks as you move away! The gnoll hits you with a +0 flail.
* * * LOW HITPOINT WARNING * * *
Okay, then.
It was a potion of haste.
You feel yourself speed up. The gnoll hits you with a +0 flail!
You die...

##............####...............
#####.#...##....##.............#.
#####...#...#.#.##.............#.
.#...............#.........#...#.
..................####....##...#.
.............>.#.................
...............##....#.....#....#
...............##....>..........#
....)..........g@...............#
..<............###...#.......##.#
#.......<............#.....†.##.#
.............#####...##.....###.#
..###..###....##.....##.....###.#
.......# #..#.##.#...#.......##.#
.....#####....##.#...#....†..#..#
##.### #...)........#......(#.##
...## #...#......<.##.....##.#


You could see a gnoll.

Vanquished Creatures
  An orc (D:2)
  3 endoplasms
  2 giant cockroaches
  3 goblins
  9 hobgoblins
  3 kobolds
  2 quokkas
  4 ball pythons
  2 bats
  3 frilled lizards
32 creatures vanquished.

Notes
Turn   | Place    | Note
-------+----------+-------------------------------------------
     0 | D:1      | RBrandon the Demonspawn Arcane Marksman began the quest for
                  | the Orb.
     0 | D:1      | Reached XP level 1. HP: 15/15 MP: 2/2
   188 | D:1      | Gained mutation: Your movements are slightly less
                  | encumbered by armour. (ER -2) [demonic ancestry]
   188 | D:1      | Reached XP level 2. HP: 21/21 MP: 3/3
   907 | D:2      | Found a faded altar of an unknown god.
   975 | D:2      | Gained mutation: You have a pair of small antennae on your
                  | head. [demonic ancestry]
   975 | D:2      | Reached XP level 3. HP: 26/26 MP: 4/4
  1004 | D:3      | Learned a level 3 spell: Inner Flame
  1004 | D:3      | Upgraded the game from 0.29-a0-925-g0a7a3d12f8 to
                  | 0.29-a0-962-gc8bbfd0a37
  1146 | D:2      | Slain by a gnoll

Illustrated notes

Levels and vault maps discovered:
D:1:      dpeg_arrival_erosion, layout_rooms
D:2:      layout_rooms, dilly_ecumenical_altar_fadedgnrine
D:3:      layout_rooms, lemuel_round_altar, minmay_circle_x

Skill      XL: |  1  2 |
---------------+-------+-----
Ranged Weapons | 2 3 |  3.4
Fighting       | |  1.0
Dodging        | |  1.7
Spellcasting   | |  1.0
Hexes          | |  3.0

Action                   || total
-------------------------++-------
 Fire: Sling             ||   108
 Cast: Slow              ||    14
  Use: Potion            ||     1
Armor: Robe              ||     5
       Leather armour    ||    13
Dodge: Dodged            ||    60

Table legend: (Time is in decaauts)
 A = Elapsed time spent in this place.
 B = Non-inter-level travel time spent in this place.
 C = Inter-level travel time spent in this place.
 D = Time resting spent in this place.
 E = Time spent auto-exploring this place.
 F = Levels seen in this place.
 G = Mean time per level.
                   A        B        C        D        E       F      G
               +--------+--------+--------+--------+--------+-----+--------+
         Total |   1176 |   1104 |     72 |      0 |    754 |   3 |  392.0 |
       Dungeon |   1176 |   1104 |     72 |      0 |    754 |   3 |  392.0 |
               +--------+--------+--------+--------+--------+-----+--------+

Top non-repeatable levels by time:
     D:1: 587 daAuts
     D:2: 520 daAuts
     D:3: 69 daAuts

Table legend:
 A = Kills in this place as a percentage of kills in entire the game.
 B = Kills by you in this place as a percentage of kills by you in the entire game.
 C = Kills by friends in this place as a percentage of kills by friends in the entire game.
 D = Other kills in this place as a percentage of other kills in the entire game.
 E = Experience gained in this place as a percentage of experience gained in the entire game.
 F = Experience gained in this place divided by the number of levels of this place that you have seen.
                   A       B       C       D       E      F
               +-------+-------+-------+-------+-------+----------------------
         Total | 100.0 | 100.0 |   N/A |   N/A | 100.0 |  19.3
       Dungeon | 100.0 | 100.0 |   N/A |   N/A | 100.0 |  19.3
               +-------+-------+-------+-------+-------+----------------------
